 Dungeon Crawl Stone Soup version 0.18-a0-1195-g77a4f03 (webtiles) character file.

5 4thArraOfDagon the Caller (level 1, -2/14 HPs)
             Began as a Draconian Summoner on Jan 29, 2016.
             Slain by a worker ant (5 damage)
             ... on level 5 of the Dungeon.
             The game lasted 00:02:49 (450 turns).

4thArraOfDagon the Caller (Draconian Summoner)       Turns: 450, Time: 00:02:49

Health: -2/14      AC:  4    Str: 10    XL:     1   Next: 66%
Magic:  0/3        EV: 12    Int: 15    God:
Gold:   23         SH:  0    Dex: 11    Spells: 1 memorised, 3 levels left

rFire  . . .     SeeInvis .       - Unarmed
rCold  . . .     Gourm    .     (armour unavailable)
rNeg   . . .     Faith    .     (no shield)
rPois  .         Spirit   .     (helmet restricted)
rElec  .         Dismiss  .     (no cloak)
rCorr  .         Reflect  .     (no gloves)
SustAt .         Harm     .     (no boots)
MR     .....                    (no amulet)
Stlth  ++........               (no ring)
                                (no ring)

@: about to teleport, not resistant to hostile enchantments, unstealthy
A: unfitting armour, cold-blooded, AC +4
a: no special abilities


You were on level 5 of the Dungeon.
You were not hungry.

You visited 1 branch of the dungeon, and saw 5 of its levels.

You collected 23 gold pieces.

Inventory:

Scrolls
 c - 2 scrolls of teleportation
 g - a scroll of fog {unknown}
 i - a scroll of identify {unknown}
Books
 a - a book of Callings

   Spells                             Type                      Level
   a - Summon Small Mammal            Summoning                    1
   b - Call Imp                       Summoning                    2
   c - Call Canine Familiar           Summoning                    3
   d - Summon Guardian Golem          Hexes/Summoning              3
   e - Summon Lightning Spire         Summoning/Air                4
   f - Summon Ice Beast               Ice/Summoning                4
Comestibles
 b - 2 bread rations
 f - a meat ration


   Skills:
 - Level 1.7 Dodging
 - Level 1.7 Stealth
 * Level 1.0 Unarmed Combat
 - Level 2.0 Spellcasting
 - Level 4.1 Summonings


You had 3 spell levels left.
You knew the following spells:

 Your Spells              Type           Power        Failure   Level  Hunger
a - Summon Small Mammal   Summ           ##..         4%          1    #......


Dungeon Overview and Level Annotations

Branches:
Dungeon (5/15)
 Temple: D:4-7

Altars:

Shops:
D:4 (


Innate Abilities, Weirdness & Mutations

Your plain brown scales are hard (AC +4).
Your body does not fit into most forms of armour.
You are cold-blooded and may be slowed by cold attacks.


Message History

Your bat barely misses the worker ant.
Your quokka barely misses the worker ant.
Your rat barely misses the worker ant.
Your quokka closely misses the worker ant.
Unknown command.
Your bat closely misses the worker ant.
The worker ant bites your rat.
Your rat dies!
Your rat's corpse disappears in a puff of smoke!
Your quokka misses the worker ant.
Unknown command.
Your bat hits the worker ant.
Your quokka bites the worker ant.
Unknown command.
Your bat hits the worker ant but does no damage.
Unknown command.
You aren't carrying any potions.
Read which item? (? for menu, Esc to quit)
As you read the scroll of teleportation, it crumbles to dust.
You feel strangely unstable.
Your bat barely misses the worker ant.
The worker ant bites you.
You die...

#......... #..#
##..# #...# #...#
#...#####.#
#rb.......#
######[a..######
##......@......###
.................#
..............#.#
.###......#####
#.......#
#.......#
#.#.)...#
#(#.....#
#.......######


You could see a worker ant, a friendly quokka and a friendly bat.

Vanquished Creatures
  A goblin (D:1)
1 creature vanquished.

Vanquished Creatures (collateral kills)
  An orc (D:5)
  A ball python (D:2)
  A bat (D:2)
  A giant cockroach (D:2)
  A rat (D:2)
5 creatures vanquished.

Grand Total: 6 creatures vanquished

Notes
Turn   | Place    | Note
--------------------------------------------------------------
     0 | D:1      | 4thArraOfDagon the Draconian Summoner began the quest for the Orb.
     0 | D:1      | Reached XP level 1. HP: 14/14 MP: 3/3
    44 | D:1      | You fall through a shaft!
   187 | D:3      | Noticed an orc warrior
   261 | D:4      | Found Houst's Antique Weapon Boutique.
   304 | D:4      | Noticed an orc wizard
   341 | D:4      | Noticed an orc wizard
   362 | D:5      | Entered Level 5 of the Dungeon
   377 | D:5      | Reached skill level 1 in Unarmed Combat
   436 | D:5      | Noticed a worker ant
   450 | D:5      | Slain by a worker ant

Vault maps used:
D:1:      dpeg_cavernosity, minivault_11
D:2:      overflow_temple_1_default
D:3:      kennysheep_big_flooded_room, yredelemnul_forgotten_temple_becter
D:4:      kennysheep_little_box, serial_shops, shop_fountains,
          serial_co_window_serial, co_window_corner_a, co_window_paths_b,
          co_window_paths_a, co_window_cross_1, co_window_paths_a,
          co_window_corner_ca, co_window_cross_2, co_window_unsneaky_path_a,
          co_window_paths_e, glass_columns_c, glass_columns_a, first_bread,
          uniq_natasha
D:5:      kiku_gazebo_pond_becter, enter_ossuary_2, uniq_pikel

Action                   || total
-------------------------++-------
Melee: Unarmed           ||    15
 Cast: Summon Small Mamm ||    13
  Use: Scroll            ||     4
 Stab: Distracted        ||     1
